Nordiques vs Wild

Created - 3 mai 2022 at 10:38

Goals
1 2 3 T
Nordiques 1 1 1 3
Wild 0 0 1 1
Shots
1 2 3 T
Nordiques 10 13 10 33
Wild 15 7 13 35

1st period

1. Nordiques , Nils Hoglander 1 (Vasili Podkolzin 1, Shea Weber 1) at 11:42

Penalties :
No Penalty

2nd period

2. Nordiques , Pius Suter 1 (Victor Rask 1, Andrew Shaw 1) at 15:40

Penalties :
No Penalty

3rd period

3. Wild , Nikita Kucherov 2 (Alex DeBrincat 1) at 3:59
4. Nordiques , Alex Newhook 1 (Nils Hoglander 1) at 7:01

Penalties :
No Penalty

Goalie Stats

Anton Khudobin (QUE), 34 saves from 35 shots - (0,971), W, 1-1-0, 60:00 minutes
Linus Ullmark (MIW), 30 saves from 33 shots - (0,909), L, 0-1-0, 60:00 minutes

Players Stats for Nordiques

Player Name              G  A  P  +/- PIM S  H  SB GA TA FO     MP     PP MP  PK MP  
------------------------------------------------------------------------------------
Alex Newhook             1  0  1   1  0   4  0  0  0  0  2/5    12:29   0:00   0:00 
Alexander Wennberg       0  0  0   0  0   3  1  0  2  0  2/11   15:25   0:00   0:00 
Andrew Shaw              0  1  1   0  0   0  1  0  0  1  0/0    15:40   0:00   0:00 
Bryan Little             0  0  0   0  0   2  1  0  0  0  0/0    17:40   0:00   0:00 
Joel Farabee             0  0  0   0  0   4  2  0  0  0  0/1    15:16   0:00   0:00 
Lucas Raymond            0  0  0   0  0   3  0  1  2  0  0/1    17:40   0:00   0:00 
Mathieu Perreault        0  0  0   1  0   3  0  0  0  0  1/1    14:26   0:00   0:00 
Nils Hoglander           1  1  2   1  0   2  2  0  1  0  1/1    12:14   0:00   0:00 
Philippe Myers           0  0  0  -1  0   2  1  3  0  0  0/0    18:35   0:00   0:00 
Pius Suter               1  0  1   1  0   3  0  0  1  1  3/13   14:26   0:00   0:00 
Ryan Lindgren            0  0  0   3  0   3  3  1  1  1  0/0    20:36   0:00   0:00 
Sebastian Aho            0  0  0   0  0   4  1  1  0  0  7/18   17:40   0:00   0:00 
Shayne Gostisbehere      0  0  0  -1  0   0  0  0  0  0  0/0    18:35   0:00   0:00 
Shea Weber               0  1  1   0  0   0  1  2  1  2  0/0    20:49   0:00   0:00 
Travis Sanheim           0  0  0   3  0   0  2  1  1  0  0/0    20:36   0:00   0:00 
Vasili Podkolzin         0  1  1   1  0   0  1  0  0  0  0/0    12:14   0:00   0:00 
Victor Rask              0  1  1   1  0   0  0  0  1  0  1/1    14:50   0:00   0:00 
Zdeno Chara              0  0  0   0  0   0  3  2  1  0  0/0    20:49   0:00   0:00 

Players Stats for Wild

Player Name              G  A  P  +/- PIM S  H  SB GA TA FO     MP     PP MP  PK MP  
------------------------------------------------------------------------------------
Adrian Kempe             0  0  0  -1  0   2  1  0  0  0  0/2    16:24   0:00   0:00 
Alex DeBrincat           0  1  1   0  0   3  3  0  0  1  0/0    19:26   0:00   0:00 
Alexander Edler          0  0  0  -2  0   0  3  2  0  1  0/0    25:02   0:00   0:00 
Alexandre Carrier        0  0  0   1  0   2  0  0  0  1  0/0    14:07   0:00   0:00 
Brad Marchand            0  0  0  -1  0   2  1  0  0  0  0/0    17:12   0:00   0:00 
Brandon Carlo            0  0  0   1  0   0  1  1  0  1  0/0    14:07   0:00   0:00 
Brayden McNabb           0  0  0  -1  0   0  3  5  0  1  0/0    20:51   0:00   0:00 
Cam Atkinson             0  0  0  -1  0   2  0  0  0  2  0/0    16:24   0:00   0:00 
Chris Tierney            0  0  0   0  0   3  0  1  0  1  3/5     6:58   0:00   0:00 
Devon Toews              0  0  0  -2  0   3  1  2  0  1  0/0    25:02   0:00   0:00 
Elias Lindholm           0  0  0  -1  0   3  2  0  2  0  2/2    17:12   0:00   0:00 
Jack Eichel              0  0  0   0  0   2  2  0  0  1  8/9    19:19   0:00   0:00 
Jesper Fast              0  0  0   0  0   3  0  0  1  1  0/0     6:58   0:00   0:00 
Mario Ferraro            0  0  0  -1  0   0  3  3  0  0  0/0    20:51   0:00   0:00 
Nikita Kucherov          1  0  1   0  0   6  0  0  1  0  0/0    19:27   0:00   0:00 
Patrice Bergeron         0  0  0  -1  0   2  2  1  0  0  15/25  23:04   0:00   0:00 
William Nylander         0  0  0  -1  0   2  0  0  1  0  7/9    16:02   0:00   0:00 
Yakov Trenin             0  0  0   0  0   0  0  0  0  0  0/0     1:34   0:00   0:00 

3 Stars

1 - Anton Khudobin (QUE)
2 - Nils Hoglander (QUE)
3 - Alex Newhook (QUE)

Power Play

Nordiques - 0 on 0 Attempt(s) - 0,00%
Wild - 0 on 0 Attempt(s) - 0,00%

Penalty Kill

Nordiques - 0 on 0 Attempt(s) - 0,00% - Score 0 goal in Penalty Kill
Wild - 0 on 0 Attempt(s) - 0,00% - Score 0 goal in Penalty Kill

Team Stat

Nordiques - Hits : 19 - Faceoff Wins : 17 - Blocked Shots : 11 - Penalty Minutes : 0
Wild - Hits : 22 - Faceoff Wins : 35 - Blocked Shots : 15 - Penalty Minutes : 0

Official

Referees : Corey Syvret and Kelly Sutherland
Linesman : Brian Murphy and Mark Shewchyk

Game Notes

No Game Note

Finance

Level 1 -- Attendance: 6000 (100,00%) -- Ticket Income 600 000 $
Level 2 -- Attendance: 5000 (100,00%) -- Ticket Income 300 000 $
Level 3 -- Attendance: 2000 (100,00%) -- Ticket Income 70 000 $
Level 4 -- Attendance: 4000 (100,00%) -- Ticket Income 80 000 $
Luxury Box -- Attendance: 1000 (100,00%) -- Ticket Income 200 000 $
Game was played at the Xcel Enery Center.
Total Attendance: 18000 (100,00%)
Total Ticket Income: 1 250 000 $
Other Income: 612 500 $
Total Income: 1 862 500 $

Nordiques

5 vs 5 Forward 
   Center                   Left Wing                Right Wing               Time % Phy DF OF 
 1 Sebastian Aho            Lucas Raymond            Bryan Little             30     0   3  2  
 2 Alexander Wennberg       Joel Farabee             Andrew Shaw              25     0   3  2  
 3 Pius Suter               Victor Rask              Mathieu Perreault        25     0   3  2  
 4 Alex Newhook             Nils Hoglander           Vasili Podkolzin         20     0   3  2  

5 vs 5 Defense 
   Defense                  Defense                                           Time % Phy DF OF 
 1 Shea Weber               Zdeno Chara                                       35     0   3  2  
 2 Ryan Lindgren            Travis Sanheim                                    35     0   3  2  
 3 Shayne Gostisbehere      Philippe Myers                                    30     0   3  2  
 4 Shea Weber               Zdeno Chara                                       0      0   3  2  

PowerPlay Forward 
   Center                   Left Wing                Right Wing               Time % Phy DF OF 
 1 Sebastian Aho            Lucas Raymond            Bryan Little             50     0   2  3  
 2 Alexander Wennberg       Joel Farabee             Andrew Shaw              50     0   2  3  

PowerPlay Defense
   Defense                  Defense                                           Time % Phy DF OF 
 1 Shea Weber               Zdeno Chara                                       50     0   2  3  
 2 Ryan Lindgren            Travis Sanheim                                    50     0   2  3  

Penalty Kill 4 Players Forward 
   Center                   Wing                     Time % Phy DF OF 
 1 Alexander Wennberg       Joel Farabee             50     0   2  3  
 2 Sebastian Aho            Bryan Little             50     0   2  3  

Penalty Kill 4 Players Defense
   Defense                  Defense                  Time % Phy DF OF 
 1 Shea Weber               Zdeno Chara              50     0   2  3  
 2 Ryan Lindgren            Travis Sanheim           50     0   2  3  

Penalty Kill - 3 Players Forward 
   Forward                                           Time % Phy DF OF 
 1 Alexander Wennberg                                60     0   2  3  
 2 Sebastian Aho                                     40     0   2  3  

Penalty Kill - 3 Players Defense
   Defense                  Defense                  Time % Phy DF OF 
 1 Shea Weber               Zdeno Chara              60     0   2  3  
 2 Ryan Lindgren            Travis Sanheim           40     0   2  3  

4 vs 4 Forward 
   Center                   Wing                     Time % Phy DF OF 
 1 Sebastian Aho            Lucas Raymond            50     0   2  3  
 2 Alexander Wennberg       Joel Farabee             50     0   2  3  

4 vs 4 Defense
   Defense                  Defense                  Time % Phy DF OF 
 1 Shea Weber               Zdeno Chara              50     0   2  3  
 2 Ryan Lindgren            Travis Sanheim           50     0   2  3  

Last Minutes Offensive
   Center                   Left Wing                Right Wing               Defense                  Defense                  
   Sebastian Aho            Lucas Raymond            Bryan Little             Shea Weber               Zdeno Chara              

Last Minutes Defensive
   Center                   Left Wing                Right Wing               Defense                  Defense                  
   Sebastian Aho            Lucas Raymond            Bryan Little             Shea Weber               Zdeno Chara              

Goaltenders
Starting : Anton Khudobin           
Backup : Dan Vladar               

Extra Forwards
Normal : Alex Newhook, Andrew Shaw, Victor Rask - PP : Alex Newhook, Andrew Shaw - PK : Victor Rask
Extra Defensemen
Normal : Shayne Gostisbehere, Philippe Myers, Travis Sanheim - PP : Shayne Gostisbehere - PK : Philippe Myers, Travis Sanheim
Penalty Shots
Sebastian Aho, Lucas Raymond, Alexander Wennberg, Bryan Little, Joel Farabee
Custom OT Lines Forwards
Sebastian Aho, Lucas Raymond, Bryan Little, Alexander Wennberg, Vasili Podkolzin, Joel Farabee, Andrew Shaw, Victor Rask, Mathieu Perreault, Nils Hoglander
Custom OT Lines Defensemen
Shea Weber, Zdeno Chara, Travis Sanheim, Ryan Lindgren, Shayne Gostisbehere

Scratches
Kirby Dach (Bruised Left Arm Injury), Martin Fehervary (Healthy), Devan Dubnyk (Healthy)

Wild

5 vs 5 Forward 
   Center                   Left Wing                Right Wing               Time % Phy DF OF 
 1 Patrice Bergeron         Brad Marchand            Elias Lindholm           40     1   2  2  
 2 Jack Eichel              Nikita Kucherov          Alex DeBrincat           30     1   2  2  
 3 William Nylander         Adrian Kempe             Cam Atkinson             20     1   2  2  
 4 Chris Tierney            Jesper Fast              Patrice Bergeron         10     1   2  2  

5 vs 5 Defense 
   Defense                  Defense                                           Time % Phy DF OF 
 1 Alexander Edler          Devon Toews                                       40     1   2  2  
 2 Mario Ferraro            Brayden McNabb                                    30     1   2  2  
 3 Alexandre Carrier        Brandon Carlo                                     20     1   2  2  
 4 Alexander Edler          Devon Toews                                       10     1   2  2  

PowerPlay Forward 
   Center                   Left Wing                Right Wing               Time % Phy DF OF 
 1 Patrice Bergeron         Brad Marchand            Elias Lindholm           60     1   2  2  
 2 Jack Eichel              Nikita Kucherov          Alex DeBrincat           40     1   2  2  

PowerPlay Defense
   Defense                  Defense                                           Time % Phy DF OF 
 1 Alexander Edler          Devon Toews                                       60     1   2  2  
 2 Mario Ferraro            Brayden McNabb                                    40     1   2  2  

Penalty Kill 4 Players Forward 
   Center                   Wing                     Time % Phy DF OF 
 1 Patrice Bergeron         Brad Marchand            60     1   2  2  
 2 Elias Lindholm           Nikita Kucherov          40     1   2  2  

Penalty Kill 4 Players Defense
   Defense                  Defense                  Time % Phy DF OF 
 1 Alexander Edler          Devon Toews              60     1   2  2  
 2 Mario Ferraro            Brayden McNabb           40     1   2  2  

Penalty Kill - 3 Players Forward 
   Forward                                           Time % Phy DF OF 
 1 Patrice Bergeron                                  60     1   2  2  
 2 Brad Marchand                                     40     1   2  2  

Penalty Kill - 3 Players Defense
   Defense                  Defense                  Time % Phy DF OF 
 1 Alexander Edler          Devon Toews              60     1   2  2  
 2 Mario Ferraro            Brayden McNabb           40     1   2  2  

4 vs 4 Forward 
   Center                   Wing                     Time % Phy DF OF 
 1 Patrice Bergeron         Brad Marchand            60     1   2  2  
 2 Elias Lindholm           Nikita Kucherov          40     1   2  2  

4 vs 4 Defense
   Defense                  Defense                  Time % Phy DF OF 
 1 Alexander Edler          Devon Toews              60     1   2  2  
 2 Mario Ferraro            Brayden McNabb           40     1   2  2  

Last Minutes Offensive
   Center                   Left Wing                Right Wing               Defense                  Defense                  
   Patrice Bergeron         Brad Marchand            Elias Lindholm           Alexander Edler          Devon Toews              

Last Minutes Defensive
   Center                   Left Wing                Right Wing               Defense                  Defense                  
   Patrice Bergeron         Brad Marchand            Elias Lindholm           Alexander Edler          Devon Toews              

Goaltenders
Starting : Linus Ullmark            
Backup : Jake Oettinger           

Extra Forwards
Normal : Yakov Trenin, Adrian Kempe, Cam Atkinson - PP : Yakov Trenin, Adrian Kempe - PK : Cam Atkinson
Extra Defensemen
Normal : Alexandre Carrier, Brandon Carlo, Mario Ferraro - PP : Alexandre Carrier - PK : Brandon Carlo, Mario Ferraro
Penalty Shots
Patrice Bergeron, Brad Marchand, Elias Lindholm, Nikita Kucherov, Alex DeBrincat
Custom OT Lines Forwards
Patrice Bergeron, Brad Marchand, Elias Lindholm, Nikita Kucherov, Alex DeBrincat, Jack Eichel, Adrian Kempe, Cam Atkinson, William Nylander, Jesper Fast
Custom OT Lines Defensemen
Alexander Edler, Devon Toews, Mario Ferraro, Brayden McNabb, Alexandre Carrier

Scratches
None


% Time on Ice - Nordiques

Lines # - Real PCT - Wanted PCT - Time Play
Normal Forward
1 - 30% - 30% - 18:04
2 - 25% - 25% - 15:16
3 - 24% - 25% - 14:26
4 - 20% - 20% - 12:14
Normal Defense
1 - 34% - 35% - 20:32
2 - 34% - 35% - 20:36
3 - 31% - 30% - 18:35
4 - 0% - 0% - 0:17
PP Forward
1 - 0% - 50%
2 - 0% - 50%
PP Defense
1 - 0% - 50%
2 - 0% - 50%
PK Forward
1 - 0% - 50%
2 - 0% - 50%
PK Defense
1 - 0% - 50%
2 - 0% - 50%
PK3 Forward
1 - 0% - 60%
2 - 0% - 40%
PK3 Defense
1 - 0% - 60%
2 - 0% - 40%
44 Forward
1 - 0% - 50%
2 - 0% - 50%
44 Defense
1 - 0% - 50%
2 - 0% - 50%
Last Minute Offensive  - 0:00
Last Minute Defensive  - 0:00
Total
Forward - 60:00
Defense - 60:00

% Time on Ice - Wild

Lines # - Real PCT - Wanted PCT - Time Play
Normal Forward
1 - 29% - 40% - 17:41
2 - 32% - 30% - 19:19
3 - 27% - 20% - 16:02
4 - 12% - 10% - 6:58
Normal Defense
1 - 36% - 40% - 21:28
2 - 35% - 30% - 20:51
3 - 24% - 20% - 14:07
4 - 6% - 10% - 3:34
PP Forward
1 - 0% - 60%
2 - 0% - 40%
PP Defense
1 - 0% - 60%
2 - 0% - 40%
PK Forward
1 - 0% - 60%
2 - 0% - 40%
PK Defense
1 - 0% - 60%
2 - 0% - 40%
PK3 Forward
1 - 0% - 60%
2 - 0% - 40%
PK3 Defense
1 - 0% - 60%
2 - 0% - 40%
44 Forward
1 - 0% - 60%
2 - 0% - 40%
44 Defense
1 - 0% - 60%
2 - 0% - 40%
Last Minute Offensive  - 0:00
Last Minute Defensive  - 0:00
Total
Forward - 60:00
Defense - 60:00

Play-by-Play

1st period


0:01 of 1st period - Patrice Bergeron wins face-off versus Lucas Raymond in neutral zone.
0:04 of 1st period - Wrist shot by Brad Marchand.
0:04 of 1st period - Stopped by Anton Khudobin with a rebound.
0:06 of 1st period - Slapshot by Devon Toews.
0:06 of 1st period - Deflect By Shea Weber.
0:06 of 1st period - Stopped by Anton Khudobin without a rebound.
0:07 of 1st period - Sebastian Aho wins face-off versus Patrice Bergeron in Nordiques zone.
0:07 of 1st period - Sebastian Aho is hit by Brad Marchand.
0:13 of 1st period - Wrist shot by Brad Marchand.
0:13 of 1st period - Stopped by Anton Khudobin without a rebound.
0:14 of 1st period - Jack Eichel wins face-off versus Joel Farabee in Nordiques zone.
0:21 of 1st period - Wrist shot by Alex DeBrincat.
0:21 of 1st period - Stopped by Anton Khudobin with a rebound.
0:29 of 1st period - Mario Ferraro is hit by Travis Sanheim and loses puck.
1:13 of 1st period - Alex Newhook is hit by Mario Ferraro and loses puck.
1:26 of 1st period - Lucas Raymond is hit by Brayden McNabb and loses puck.
1:52 of 1st period - Snap shot by Adrian Kempe.
1:52 of 1st period - Stopped by Anton Khudobin without a rebound.
1:53 of 1st period - Pius Suter wins face-off versus Chris Tierney in Nordiques zone.
2:18 of 1st period - Slapshot by Jesper Fast.
2:18 of 1st period - Stopped by Anton Khudobin with a rebound.
2:22 of 1st period - Wrist shot by Nikita Kucherov.
2:22 of 1st period - Stopped by Anton Khudobin without a rebound.
2:23 of 1st period - Jack Eichel wins face-off versus Alexander Wennberg in Nordiques zone.
2:26 of 1st period - Wrist shot by Alex DeBrincat.
2:26 of 1st period - Shot Blocked by Zdeno Chara.
2:46 of 1st period - Snap shot by Alex DeBrincat.
2:46 of 1st period - Stopped by Anton Khudobin without a rebound.
2:47 of 1st period - Patrice Bergeron wins face-off versus Alex Newhook in Nordiques zone.
3:00 of 1st period - Snap shot by Patrice Bergeron.
3:00 of 1st period - Shot Blocked by Philippe Myers.
4:05 of 1st period - Wrist shot by Joel Farabee.
4:05 of 1st period - Shot Blocked by Devon Toews.
4:49 of 1st period - Slapshot by Alex Newhook.
4:49 of 1st period - Shot Misses the Net.
5:48 of 1st period - Elias Lindholm is hit by Travis Sanheim and loses puck.
5:53 of 1st period - Wrist shot by Joel Farabee.
5:53 of 1st period - Shot Misses the Net.
6:20 of 1st period - Alexandre Carrier is hit by Sebastian Aho and loses puck.
7:11 of 1st period - Nikita Kucherov is hit by Joel Farabee.
7:23 of 1st period - Mario Ferraro is hit by Nils Hoglander and loses puck.
7:28 of 1st period - Snap shot by Alex Newhook.
7:28 of 1st period - Stopped by Linus Ullmark with a rebound.
7:30 of 1st period - Snap shot by Vasili Podkolzin.
7:30 of 1st period - Shot Blocked by Mario Ferraro.
7:32 of 1st period - Slapshot by Shea Weber.
7:32 of 1st period - Shot Blocked by Mario Ferraro.
7:34 of 1st period - Snap shot by Vasili Podkolzin.
7:34 of 1st period - Shot Blocked by Mario Ferraro.
7:36 of 1st period - Slapshot by Ryan Lindgren.
7:36 of 1st period - Stopped by Linus Ullmark without a rebound.
7:37 of 1st period - William Nylander wins face-off versus Pius Suter in Wild zone.
7:37 of 1st period - William Nylander is hit by Zdeno Chara.
8:24 of 1st period - Sebastian Aho is hit by Alexander Edler.
8:30 of 1st period - Wrist shot by Sebastian Aho.
8:30 of 1st period - Stopped by Linus Ullmark without a rebound.
8:31 of 1st period - William Nylander wins face-off versus Alexander Wennberg in Wild zone.
9:22 of 1st period - Slapshot by Sebastian Aho.
9:22 of 1st period - Shot Blocked by Brayden McNabb.
9:24 of 1st period - Slapshot by Philippe Myers.
9:24 of 1st period - Stopped by Linus Ullmark with a rebound.
9:30 of 1st period - Snap shot by Bryan Little.
9:30 of 1st period - Stopped by Linus Ullmark with a rebound.
9:44 of 1st period - Wrist shot by Patrice Bergeron.
9:44 of 1st period - Shot Misses the Net.
10:19 of 1st period - Off-side.
10:20 of 1st period - Chris Tierney wins face-off versus Pius Suter in neutral zone.
10:51 of 1st period - Wrist shot by William Nylander.
10:51 of 1st period - Stopped by Anton Khudobin without a rebound.
10:52 of 1st period - Patrice Bergeron wins face-off versus Alexander Wennberg in Nordiques zone.
10:56 of 1st period - Icing by Zdeno Chara.
10:57 of 1st period - Alexander Wennberg wins face-off versus Patrice Bergeron in Nordiques zone.
11:10 of 1st period - Off-side.
11:11 of 1st period - Patrice Bergeron wins face-off versus Sebastian Aho in neutral zone.
11:14 of 1st period - Zdeno Chara is hit by Elias Lindholm and loses puck.
11:42 of 1st period - Wrist shot by Nils Hoglander.
11:42 of 1st period - Goal by Nils Hoglander - Nordiques : 1 - Wild : 0.
11:43 of 1st period - Elias Lindholm wins face-off versus Pius Suter in neutral zone.
12:10 of 1st period - Devon Toews is hit by Bryan Little and loses puck.
12:17 of 1st period - Snap shot by Alex DeBrincat.
12:17 of 1st period - Stopped by Anton Khudobin without a rebound.
12:18 of 1st period - Patrice Bergeron wins face-off versus Alexander Wennberg in Nordiques zone.
12:54 of 1st period - Wrist shot by Nikita Kucherov.
12:54 of 1st period - Stopped by Anton Khudobin without a rebound.
12:55 of 1st period - Sebastian Aho wins face-off versus Patrice Bergeron in Nordiques zone.
13:10 of 1st period - Bryan Little is hit by Elias Lindholm and loses puck.
13:50 of 1st period - Slapshot by Alex Newhook.
13:50 of 1st period - Shot Blocked by Brayden McNabb.
13:52 of 1st period - Snap shot by Alex Newhook.
13:52 of 1st period - Stopped by Linus Ullmark without a rebound.
13:53 of 1st period - Patrice Bergeron wins face-off versus Alexander Wennberg in Wild zone.
13:53 of 1st period - Patrice Bergeron is hit by Alexander Wennberg.
14:03 of 1st period - Wrist shot by Alexander Wennberg.
14:03 of 1st period - Shot Hit the Post.
14:05 of 1st period - Slapshot by Ryan Lindgren.
14:05 of 1st period - Stopped by Linus Ullmark with a rebound.
14:07 of 1st period - Wrist shot by Joel Farabee.
14:07 of 1st period - Shot Misses the Net.
14:33 of 1st period - Wrist shot by Sebastian Aho.
14:33 of 1st period - Shot Hit the Post.
14:35 of 1st period - Slapshot by Ryan Lindgren.
14:35 of 1st period - Deflect By Devon Toews.
14:35 of 1st period - Stopped by Linus Ullmark with a rebound.
14:53 of 1st period - Wrist shot by William Nylander.
14:53 of 1st period - Shot Misses the Net.
14:55 of 1st period - Slapshot by Devon Toews.
14:55 of 1st period - Stopped by Anton Khudobin with a rebound.
14:57 of 1st period - Snap shot by Adrian Kempe.
14:57 of 1st period - Shot Misses the Net.
15:07 of 1st period - Patrice Bergeron is hit by Nils Hoglander and loses puck.
15:53 of 1st period - Snap shot by William Nylander.
15:53 of 1st period - Shot Misses the Net.
16:09 of 1st period - Jack Eichel is hit by Ryan Lindgren and loses puck.
16:26 of 1st period - Backhand shot by Nikita Kucherov.
16:26 of 1st period - Stopped by Anton Khudobin without a rebound.
16:27 of 1st period - Alex Newhook wins face-off versus Patrice Bergeron in Nordiques zone.
17:02 of 1st period - Lucas Raymond is hit by Brayden McNabb and loses puck.
17:15 of 1st period - Snap shot by Jack Eichel.
17:15 of 1st period - Stopped by Anton Khudobin without a rebound.
17:16 of 1st period - Jack Eichel wins face-off versus Alexander Wennberg in Nordiques zone.
17:25 of 1st period - Jack Eichel is hit by Ryan Lindgren and loses puck.
17:34 of 1st period - Travis Sanheim is hit by Alex DeBrincat.
18:58 of 1st period - Alex DeBrincat is hit by Andrew Shaw and loses puck.
19:05 of 1st period - Wrist shot by Alexander Wennberg.
19:05 of 1st period - Deflect By Andrew Shaw.
19:05 of 1st period - Shot Misses the Net.
19:05 of 1st period - Puck is out of play.
19:06 of 1st period - Victor Rask wins face-off versus Patrice Bergeron in Wild zone.
19:09 of 1st period - Wrist shot by Mathieu Perreault.
19:09 of 1st period - Shot Misses the Net.
19:13 of 1st period - Wrist shot by Pius Suter.
19:13 of 1st period - Stopped by Linus Ullmark with a rebound.
19:15 of 1st period - Slapshot by Zdeno Chara.
19:15 of 1st period - Shot Misses the Net.
19:17 of 1st period - Snap shot by Mathieu Perreault.
19:17 of 1st period - Shot Hit the Post.
19:19 of 1st period - Backhand shot by Shea Weber.
19:19 of 1st period - Shot Misses the Net.
19:21 of 1st period - Slapshot by Shea Weber.
19:21 of 1st period - Shot Blocked by Patrice Bergeron.
19:54 of 1st period - Wrist shot by Chris Tierney.
19:54 of 1st period - Shot Blocked by Philippe Myers.
19:56 of 1st period - Slapshot by Alexandre Carrier.
19:56 of 1st period - Stopped by Anton Khudobin without a rebound.
19:57 of 1st period - Chris Tierney wins face-off versus Pius Suter in Nordiques zone.
Goals for this period are 1 for Nordiques vs 0 for Wild.
Shots for this period are 10 for Nordiques vs 15 for Wild.

2nd period


0:01 of 2nd period - Pius Suter wins face-off versus Patrice Bergeron in neutral zone.
0:16 of 2nd period - Snap shot by Mathieu Perreault.
0:16 of 2nd period - Stopped by Linus Ullmark without a rebound.
0:17 of 2nd period - Sebastian Aho wins face-off versus William Nylander in Wild zone.
0:18 of 2nd period - Wrist shot by Lucas Raymond.
0:18 of 2nd period - Stopped by Linus Ullmark with a rebound.
0:32 of 2nd period - Snap shot by William Nylander.
0:32 of 2nd period - Shot Blocked by Sebastian Aho.
1:05 of 2nd period - Zdeno Chara is hit by Mario Ferraro and loses puck.
1:30 of 2nd period - Slapshot by Alexander Wennberg.
1:30 of 2nd period - Stopped by Linus Ullmark with a rebound.
1:32 of 2nd period - Slapshot by Philippe Myers.
1:32 of 2nd period - Shot Misses the Net.
1:34 of 2nd period - Slapshot by Philippe Myers.
1:34 of 2nd period - Shot Misses the Net.
1:41 of 2nd period - Icing by Brayden McNabb.
1:42 of 2nd period - William Nylander wins face-off versus Sebastian Aho in Wild zone.
2:09 of 2nd period - Jack Eichel is hit by Vasili Podkolzin and loses puck.
4:02 of 2nd period - Slapshot by Pius Suter.
4:02 of 2nd period - Stopped by Linus Ullmark with a rebound.
4:04 of 2nd period - Backhand shot by Mathieu Perreault.
4:04 of 2nd period - Stopped by Linus Ullmark with a rebound.
4:06 of 2nd period - Slapshot by Mathieu Perreault.
4:06 of 2nd period - Shot Misses the Net.
4:10 of 2nd period - Snap shot by Victor Rask.
4:10 of 2nd period - Shot Blocked by Devon Toews.
4:12 of 2nd period - Slapshot by Shayne Gostisbehere.
4:12 of 2nd period - Shot Blocked by Alexander Edler.
4:26 of 2nd period - Wrist shot by Brad Marchand.
4:26 of 2nd period - Shot Misses the Net.
4:28 of 2nd period - Wrist shot by Patrice Bergeron.
4:28 of 2nd period - Shot Misses the Net.
4:45 of 2nd period - Andrew Shaw is hit by Brayden McNabb and loses puck.
5:06 of 2nd period - Adrian Kempe is hit by Shea Weber and loses puck.
5:41 of 2nd period - Alex Newhook is hit by Mario Ferraro.
6:01 of 2nd period - Shayne Gostisbehere is hit by Patrice Bergeron and loses puck.
6:20 of 2nd period - Snap shot by Nils Hoglander.
6:20 of 2nd period - Stopped by Linus Ullmark without a rebound.
6:21 of 2nd period - Jack Eichel wins face-off versus Sebastian Aho in Wild zone.
6:52 of 2nd period - Icing by Devon Toews.
6:53 of 2nd period - Mathieu Perreault wins face-off versus William Nylander in Wild zone.
7:06 of 2nd period - Wrist shot by William Nylander.
7:06 of 2nd period - Shot Misses the Net.
7:08 of 2nd period - Slapshot by Devon Toews.
7:08 of 2nd period - Stopped by Anton Khudobin without a rebound.
7:09 of 2nd period - Sebastian Aho wins face-off versus Patrice Bergeron in Nordiques zone.
7:24 of 2nd period - Wrist shot by Patrice Bergeron.
7:24 of 2nd period - Deflect By Brad Marchand.
7:24 of 2nd period - Shot Blocked by Zdeno Chara.
7:24 of 2nd period - Puck is out of play.
7:25 of 2nd period - Patrice Bergeron wins face-off versus Pius Suter in Nordiques zone.
7:38 of 2nd period - Snap shot by Patrice Bergeron.
7:38 of 2nd period - Stopped by Anton Khudobin with a rebound.
7:40 of 2nd period - Wrist shot by Elias Lindholm.
7:40 of 2nd period - Stopped by Anton Khudobin without a rebound.
7:41 of 2nd period - Jack Eichel wins face-off versus Sebastian Aho in Nordiques zone.
8:16 of 2nd period - Off-side.
8:17 of 2nd period - Patrice Bergeron wins face-off versus Alexander Wennberg in neutral zone.
9:03 of 2nd period - Slapshot by Patrice Bergeron.
9:03 of 2nd period - Shot Misses the Net.
9:05 of 2nd period - Slapshot by Brandon Carlo.
9:05 of 2nd period - Shot Blocked by Ryan Lindgren.
9:07 of 2nd period - Slapshot by Elias Lindholm.
9:07 of 2nd period - Stopped by Anton Khudobin without a rebound.
9:08 of 2nd period - Jack Eichel wins face-off versus Sebastian Aho in Nordiques zone.
9:09 of 2nd period - Snap shot by Nikita Kucherov.
9:09 of 2nd period - Shot Misses the Net.
9:42 of 2nd period - Slapshot by Devon Toews.
9:42 of 2nd period - Shot Misses the Net.
10:45 of 2nd period - Wrist shot by Alexander Wennberg.
10:45 of 2nd period - Shot Misses the Net.
10:47 of 2nd period - Snap shot by Joel Farabee.
10:47 of 2nd period - Deflect By Andrew Shaw.
10:47 of 2nd period - Shot Blocked by Brandon Carlo.
10:47 of 2nd period - Puck is out of play.
10:48 of 2nd period - Patrice Bergeron wins face-off versus Sebastian Aho in Wild zone.
11:01 of 2nd period - Wrist shot by Sebastian Aho.
11:01 of 2nd period - Shot Misses the Net.
11:03 of 2nd period - Slapshot by Lucas Raymond.
11:03 of 2nd period - Stopped by Linus Ullmark with a rebound.
11:05 of 2nd period - Slapshot by Philippe Myers.
11:05 of 2nd period - Stopped by Linus Ullmark with a rebound.
11:15 of 2nd period - Mathieu Perreault is hit by Alexander Edler and loses puck.
12:10 of 2nd period - Slapshot by Sebastian Aho.
12:10 of 2nd period - Stopped by Linus Ullmark with a rebound.
12:12 of 2nd period - Wrist shot by Sebastian Aho.
12:12 of 2nd period - Deflect By Bryan Little.
12:12 of 2nd period - Stopped by Linus Ullmark with a rebound.
12:36 of 2nd period - Snap shot by Cam Atkinson.
12:36 of 2nd period - Shot Blocked by Travis Sanheim.
12:38 of 2nd period - Snap shot by Alexandre Carrier.
12:38 of 2nd period - Stopped by Anton Khudobin without a rebound.
12:39 of 2nd period - William Nylander wins face-off versus Pius Suter in Nordiques zone.
13:48 of 2nd period - Nikita Kucherov is hit by Joel Farabee.
14:12 of 2nd period - Icing by Jesper Fast.
14:13 of 2nd period - Chris Tierney wins face-off versus Pius Suter in Wild zone.
15:40 of 2nd period - Wrist shot by Victor Rask.
15:40 of 2nd period - Deflect By Pius Suter.
15:40 of 2nd period - Goal by Pius Suter - Nordiques : 2 - Wild : 0.
15:41 of 2nd period - Patrice Bergeron wins face-off versus Sebastian Aho in neutral zone.
16:28 of 2nd period - Alexander Wennberg is hit by Brandon Carlo and loses puck.
16:55 of 2nd period - Snap shot by Jesper Fast.
16:55 of 2nd period - Stopped by Anton Khudobin with a rebound.
16:57 of 2nd period - Snap shot by Chris Tierney.
16:57 of 2nd period - Stopped by Anton Khudobin with a rebound.
18:28 of 2nd period - Off-side.
18:29 of 2nd period - Sebastian Aho wins face-off versus Jack Eichel in neutral zone.
19:02 of 2nd period - Snap shot by Sebastian Aho.
19:02 of 2nd period - Stopped by Linus Ullmark with a rebound.
19:04 of 2nd period - Slapshot by Zdeno Chara.
19:04 of 2nd period - Shot Misses the Net.
19:06 of 2nd period - Snap shot by Lucas Raymond.
19:06 of 2nd period - Stopped by Linus Ullmark without a rebound.
19:07 of 2nd period - Nils Hoglander wins face-off versus Patrice Bergeron in Wild zone.
19:10 of 2nd period - Wrist shot by Alex Newhook.
19:10 of 2nd period - Deflect By Vasili Podkolzin.
19:10 of 2nd period - Shot Misses the Net.
19:10 of 2nd period - Puck is out of play.
19:11 of 2nd period - Patrice Bergeron wins face-off versus Alex Newhook in Wild zone.
19:42 of 2nd period - Wrist shot by Jack Eichel.
19:42 of 2nd period - Shot Misses the Net.
Goals for this period are 1 for Nordiques vs 0 for Wild.
Shots for this period are 13 for Nordiques vs 7 for Wild.

3rd period


0:01 of 3rd period - Sebastian Aho wins face-off versus Patrice Bergeron in neutral zone.
0:06 of 3rd period - Wrist shot by Sebastian Aho.
0:06 of 3rd period - Shot Misses the Net.
0:16 of 3rd period - Sebastian Aho is hit by Alexander Edler and loses puck.
0:27 of 3rd period - Vasili Podkolzin is hit by Alex DeBrincat.
0:47 of 3rd period - Slapshot by Shea Weber.
0:47 of 3rd period - Shot Blocked by Brayden McNabb.
0:49 of 3rd period - Snap shot by Joel Farabee.
0:49 of 3rd period - Stopped by Linus Ullmark with a rebound.
0:51 of 3rd period - Slapshot by Andrew Shaw.
0:51 of 3rd period - Shot Blocked by Brayden McNabb.
0:53 of 3rd period - Wrist shot by Joel Farabee.
0:53 of 3rd period - Stopped by Linus Ullmark with a rebound.
0:55 of 3rd period - Wrist shot by Joel Farabee.
0:55 of 3rd period - Stopped by Linus Ullmark without a rebound.
0:56 of 3rd period - Patrice Bergeron wins face-off versus Sebastian Aho in Wild zone.
1:11 of 3rd period - Snap shot by Sebastian Aho.
1:11 of 3rd period - Stopped by Linus Ullmark with a rebound.
1:43 of 3rd period - Slapshot by Shayne Gostisbehere.
1:43 of 3rd period - Deflect By Joel Farabee.
1:43 of 3rd period - Shot Misses the Net.
1:43 of 3rd period - Puck is out of play.
1:44 of 3rd period - William Nylander wins face-off versus Alexander Wennberg in Wild zone.
1:59 of 3rd period - Snap shot by William Nylander.
1:59 of 3rd period - Shot Misses the Net.
2:58 of 3rd period - Icing by Adrian Kempe.
2:59 of 3rd period - Sebastian Aho wins face-off versus Adrian Kempe in Wild zone.
3:28 of 3rd period - Slapshot by Elias Lindholm.
3:28 of 3rd period - Shot Misses the Net.
3:53 of 3rd period - Wrist shot by Nikita Kucherov.
3:53 of 3rd period - Stopped by Anton Khudobin with a rebound.
3:59 of 3rd period - Slapshot by Nikita Kucherov.
3:59 of 3rd period - Goal by Nikita Kucherov - Nordiques : 2 - Wild : 1.
4:00 of 3rd period - Patrice Bergeron wins face-off versus Sebastian Aho in neutral zone.
4:03 of 3rd period - Lucas Raymond is hit by Patrice Bergeron and loses puck.
4:27 of 3rd period - Victor Rask is hit by Jack Eichel and loses puck.
5:32 of 3rd period - Shea Weber is hit by Jack Eichel and loses puck.
5:55 of 3rd period - Brad Marchand is hit by Zdeno Chara and loses puck.
6:02 of 3rd period - Wrist shot by Mathieu Perreault.
6:02 of 3rd period - Stopped by Linus Ullmark without a rebound.
6:03 of 3rd period - William Nylander wins face-off versus Alex Newhook in Wild zone.
6:12 of 3rd period - Slapshot by Alex Newhook.
6:12 of 3rd period - Stopped by Linus Ullmark without a rebound.
6:13 of 3rd period - Alex Newhook wins face-off versus Adrian Kempe in Wild zone.
6:49 of 3rd period - Slapshot by Ryan Lindgren.
6:49 of 3rd period - Shot Blocked by Brayden McNabb.
7:01 of 3rd period - Snap shot by Alex Newhook.
7:01 of 3rd period - Goal by Alex Newhook - Nordiques : 3 - Wild : 1.
7:02 of 3rd period - Patrice Bergeron wins face-off versus Sebastian Aho in neutral zone.
7:11 of 3rd period - Snap shot by Patrice Bergeron.
7:11 of 3rd period - Stopped by Anton Khudobin with a rebound.
8:18 of 3rd period - Snap shot by Cam Atkinson.
8:18 of 3rd period - Stopped by Anton Khudobin without a rebound.
8:19 of 3rd period - Alexander Wennberg wins face-off versus Chris Tierney in Nordiques zone.
8:54 of 3rd period - Wrist shot by Alexander Wennberg.
8:54 of 3rd period - Stopped by Linus Ullmark with a rebound.
9:04 of 3rd period - Wrist shot by Alexander Wennberg.
9:04 of 3rd period - Stopped by Linus Ullmark with a rebound.
9:14 of 3rd period - Snap shot by Jesper Fast.
9:14 of 3rd period - Stopped by Anton Khudobin with a rebound.
9:16 of 3rd period - Snap shot by Chris Tierney.
9:16 of 3rd period - Shot Blocked by Shea Weber.
9:18 of 3rd period - Wrist shot by Chris Tierney.
9:18 of 3rd period - Stopped by Anton Khudobin with a rebound.
9:20 of 3rd period - Wrist shot by Chris Tierney.
9:20 of 3rd period - Stopped by Anton Khudobin without a rebound.
9:21 of 3rd period - Jack Eichel wins face-off versus Pius Suter in Nordiques zone.
10:06 of 3rd period - Wrist shot by Nikita Kucherov.
10:06 of 3rd period - Shot Misses the Net.
10:32 of 3rd period - Mathieu Perreault is hit by Adrian Kempe and loses puck.
10:42 of 3rd period - Icing by Lucas Raymond.
10:43 of 3rd period - Jack Eichel wins face-off versus Sebastian Aho in Nordiques zone.
10:58 of 3rd period - Wrist shot by Jack Eichel.
10:58 of 3rd period - Stopped by Anton Khudobin without a rebound.
10:59 of 3rd period - Patrice Bergeron wins face-off versus Pius Suter in Nordiques zone.
11:31 of 3rd period - Wrist shot by Nikita Kucherov.
11:31 of 3rd period - Stopped by Anton Khudobin with a rebound.
11:33 of 3rd period - Snap shot by Devon Toews.
11:33 of 3rd period - Shot Blocked by Shea Weber.
11:37 of 3rd period - Snap shot by Jack Eichel.
11:37 of 3rd period - Shot Blocked by Lucas Raymond.
12:18 of 3rd period - Wrist shot by Alex Newhook.
12:18 of 3rd period - Shot Blocked by Chris Tierney.
13:39 of 3rd period - Snap shot by Nils Hoglander.
13:39 of 3rd period - Shot Blocked by Alexander Edler.
13:57 of 3rd period - Wrist shot by Cam Atkinson.
13:57 of 3rd period - Deflect By Adrian Kempe.
13:57 of 3rd period - Stopped by Anton Khudobin with a rebound.
14:15 of 3rd period - Wrist shot by Chris Tierney.
14:15 of 3rd period - Shot Misses the Net.
14:21 of 3rd period - Alexandre Carrier is hit by Ryan Lindgren and loses puck.
15:35 of 3rd period - Ryan Lindgren is hit by Alex DeBrincat and loses puck.
16:29 of 3rd period - Wrist shot by Pius Suter.
16:29 of 3rd period - Deflect By Patrice Bergeron.
16:29 of 3rd period - Shot Misses the Net.
16:29 of 3rd period - Puck is out of play.
16:30 of 3rd period - Pius Suter wins face-off versus Patrice Bergeron in Wild zone.
16:41 of 3rd period - Mathieu Perreault is hit by Devon Toews and loses puck.
16:52 of 3rd period - Alex DeBrincat is hit by Philippe Myers and loses puck.
17:26 of 3rd period - Snap shot by Joel Farabee.
17:26 of 3rd period - Stopped by Linus Ullmark without a rebound.
17:27 of 3rd period - William Nylander wins face-off versus Alexander Wennberg in Wild zone.
17:47 of 3rd period - Adrian Kempe is hit by Zdeno Chara and loses puck.
18:04 of 3rd period - Snap shot by Cam Atkinson.
18:04 of 3rd period - Stopped by Anton Khudobin with a rebound.
18:06 of 3rd period - Snap shot by Adrian Kempe.
18:06 of 3rd period - Shot Blocked by Philippe Myers.
18:08 of 3rd period - Slapshot by William Nylander.
18:08 of 3rd period - Stopped by Anton Khudobin without a rebound.
18:09 of 3rd period - Elias Lindholm wins face-off versus Pius Suter in Nordiques zone.
18:16 of 3rd period - Snap shot by Elias Lindholm.
18:16 of 3rd period - Stopped by Anton Khudobin with a rebound.
18:18 of 3rd period - Slapshot by Alexander Edler.
18:18 of 3rd period - Shot Hit the Post.
18:48 of 3rd period - Wrist shot by Alex Newhook.
18:48 of 3rd period - Shot Misses the Net.
Goals for this period are 1 for Nordiques vs 1 for Wild.
Shots for this period are 10 for Nordiques vs 13 for Wild. Output by the SimonT Hockey Simulator (STHS) for Eric Tremblay - Original Page W3C HTML5 Valid
Hockey Simulator - Hockey Simulation - Hockey Manager